Cogmind - Beta 14 @@@ ROGUE MODE // 2024.08.25 @ 19:20:49 Player: TheGreatPlup Result: Destroyed by G-47 Trooper with Particle Gun Performance ------------- Evolutions (2) 1000 Regions Visited (3) 600 Robots Destroyed (65) 325 Value Destroyed (1737) 1737 Prototype IDs (0) 0 Alien Tech Used (0) 0 Bonus (109) 109 TOTAL SCORE: 3771 Bonus ------- High Alert Combat Kills 109 Cogmind --------- Core Integrity 0/550 Matter 20/300 Energy 100/100 System Corruption 0% Temperature Cool (9) Movement Core (350) Ox6 Location -8/Materials Parts ------- > --- POWER (1) -------- (None) > --- PROPULSION (3) --- (None) > --- UTILITY (5) ------ Large Storage Unit > --- WEAPON (2) ------- (None) > --- INVENTORY (15) --- Ion Engine Ion Engine Aluminum Leg Aluminum Leg Aluminum Leg Compact Battery (200) Visual Processing Unit Improved Signal Interpreter Propulsion Shielding Heavy EM Pulse Gun Heavy EM Pulse Gun Heavy EM Pulse Gun Particle Gun Shotgun High-powered Shotgun Peak State ------------ > --- POWER ------------ Improved Ion Engine > --- PROPULSION ------- Light Treads Improved Treads Improved Treads > --- UTILITY ---------- Large Storage Unit Sensor Array Hacking Suite > --- WEAPON ----------- Particle Gun Shotgun > --- INVENTORY -------- Ion Engine Light Ion Engine Improved Treads Improved Treads Aluminum Leg Aluminum Leg Aluminum Leg Large Battery Visual Processing Unit Sensor Array Signal Interpreter Core Shielding Shotgun Shotgun Mini Grenade Launcher [Rating: 18] Favorites ----------- Power Ion Engine Engine Ion Engine Propulsion Light Treads Treads Light Treads Utility Large Storage Unit Device Sensor Array Storage Large Storage Unit Hackware Hacking Suite Protection Core Shielding Weapon Shotgun Energy Gun Particle Gun Ballistic Gun Shotgun Ballistic Cannon Improved Light Cannon Launcher Mini Grenade Launcher Build | -11 -10 -9 -8 ------- Run | Yrd Mat Mat Mat Slots Evolved 4 | . . 2 2 Power . | . . . . Propulsion 1 | . . 1 . Utility 3 | . . 1 2 Weapon . | . . . . Parts Attached 49 | 6 8 35 . Power 6 | 1 1 4 . Engine 6 | 1 1 4 . Core . | . . . . Reactor . | . . . . Propulsion 11 | 2 1 8 . Treads 11 | 2 1 8 . Leg . | . . . . Wheel . | . . . . Hover . | . . . . Flight . | . . . . Utility 12 | 1 3 8 . Device 4 | . 1 3 . Storage 4 | 1 2 1 . Processor . | . . . . Hackware 1 | . . 1 . Protection 3 | . . 3 . Artifact . | . . . . Weapon 20 | 2 3 15 . Energy Gun 5 | 1 . 4 . Energy Cannon . | . . . . Ballistic Gun 10 | 1 2 7 . Ballistic Cannon 1 | . 1 . . Launcher 4 | . . 4 . Special Weapon . | . . . . Impact Weapon . | . . . . Slashing Weapon . | . . . . Piercing Weapon . | . . . . Special Melee Weapon . | . . . . Unidentified Prototypes . | . . . . Parts Lost 24 | . 2 18 4 Power 4 | . 1 3 . Propulsion 9 | . 1 7 1 Utility 5 | . . 3 2 Weapon 6 | . . 5 1 Highest Loss Streak 6 | . 1 6 3 To Critical Strikes . | . . . . Average Slot Usage (%) 87 | . 98 86 30 Engine 10 | . 13 7 . Treads 25 | . 27 25 4 Device 10 | . 13 8 3 Storage 12 | . 14 12 9 Protection 5 | . . 11 4 Energy Gun 3 | . . 6 . Ballistic Gun 13 | . 20 10 . Ballistic Cannon 3 | . 7 . . Launcher 1 | . . 2 8 Peak Build Rating 18 | 6 12 18 10 Average Rating 11 | 3 10 14 7 On Entrance 7 | . 6 12 10 Naked Turns . | . . . . Heaviest Build 41 | 11 33 41 24 Greatest Support 66 | 40 43 66 23 Greatest Overweight (x) 6 | . 1 1 6 Average Overweight (x) . | . . . 2 Largest Inventory Capacity 15 | 8 15 15 15 Average Capacity 13 | 6 12 15 15 Most Carried 15 | 5 15 15 15 Average Carried 12 | 4 11 14 14 Final Capacity 15 | 8 15 15 15 Final Carried 15 | 4 15 15 15 Class Distribution -------------------- 97% | Mutant Dominant Class ---------------- Mutant | -10/Materials Mutant | -9/Materials Mutant | -8/Materials Resources | -11 -10 -9 -8 ----------- Run | Yrd Mat Mat Mat Matter Collected 1364 | 175 425 764 . Remotely . | . . . . Salvage Created 1724 | . 422 1302 . Parts 135 | . 38 97 . Haulers Intercepted . | . . . . Recyclers Shooed 3 | . 1 2 . Parts Field Recycled . | . . . . Retrieved Matter . | . . . . Parts Self-Destructed . | . . . . Prevented . | . . . . Kills | -11 -10 -9 -8 ------- Run | Yrd Mat Mat Mat Combat Hostiles Destroyed 50 | . 14 36 . Guns 39 | . 9 30 . Cannons 5 | . 5 . . AOE 6 | . . 6 . Classes Destroyed 9 | . 4 5 . Worker 4 | . . 4 . Builder 3 | . 2 1 . Recycler 1 | . . 1 . Operator 1 | . . 1 . Watcher 6 | . 2 4 . Swarmer 13 | . 6 7 . Grunt 28 | . 8 20 . Duelist 2 | . . 2 . Sentry 7 | . . 7 . Best Kill Streak 13 | . 3 13 . Combat Bots Only 8 | . 3 8 . Max Kills in Single Turn 2 | . 1 2 . Gunslinging 1 | . . 1 . Exploded 1 | . . 1 . Melee . | . . . . Uniques/NPCs Destroyed . | . . . . Combat | -11 -10 -9 -8 -------- Run | Yrd Mat Mat Mat Hostile Shots Fired 431 | . 104 260 67 Missed 110 | . 29 63 18 Damage Taken 3976 | . 731 2484 761 Core 908 | . 80 266 562 Absorbed by Shields 138 | . . 134 4 Redirected to Shielding 51 | . . 44 7 Core Remaining (%) 67 | 100 68 33 . Volleys Fired 158 | . 51 107 . Largest 2 | . 2 2 . Hottest 130 | . 62 130 . Shots Fired 292 | . 100 192 . Gun 243 | . 72 171 . Cannon 28 | . 28 . . Launcher 21 | . . 21 . Special . | . . . . Kinetic 214 | . 100 114 . Thermal 57 | . . 57 . Explosive 21 | . . 21 . Electromagnetic . | . . . . Robot Hit Streak 10 | . 7 10 . Robot Miss Streak 11 | . 11 9 . Penetration Max . | . . . . Secondary Targets 4 | . . 4 . Max Gunslinging Chain 1 | . . 1 . Shots Hit Robots 163 | . 48 115 . Core Hits 124 | . 26 98 . Critical Kills . | . . . . Critical Parts Destroyed . | . . . . Critical Strikes 1 | . . 1 . Burn 1 | . . 1 . Melee Attacks . | . . . . Impact . | . . . . Slashing . | . . . . Piercing . | . . . . Sneak Attacks . | . . . . Combat Hostiles . | . . . . Follow-up Attacks . | . . . . Damage Inflicted 3740 | . 878 2862 . Guns 2385 | . 614 1771 . Cannons 264 | . 264 . . Explosions 1091 | . . 1091 . Melee . | . . . . Ramming . | . . . . Kinetic 2128 | . 878 1250 . Thermal 521 | . . 521 . Explosive 1017 | . . 1017 . Electromagnetic 74 | . . 74 . Impact . | . . . . Slashing . | . . . . Piercing . | . . . . Highest Corruption 7 | . 2 7 . Average Corruption 3 | . 1 4 . Corruption Purged . | . . . . Corruption Blocked . | . . . . Effects 47 | . 5 42 . Message Errors 9 | . . 9 . Matter Fused 11 | . 1 10 . Heat Flow Errors 5 | . 1 4 . Energy Discharges 10 | . 2 8 . Parts Fused 1 | . . 1 . Data Loss (minor) 6 | . 1 5 . Data Loss (major) 1 | . . 1 . Alerts 2 | . . 2 . Weapon Failures 2 | . . 2 . Overload Shots . | . . . . Overflow Damage 27 | . . 27 . Projectiles . | . . . . Explosions 27 | . . 27 . Melee . | . . . . Knockbacks 6 | . 6 . . Impact . | . . . . Kinetic 5 | . 5 . . Secondary 1 | . 1 . . Self-Inflicted Damage 76 | . . 76 . Shots 2 | . . 2 . Rammed . | . . . . Targets Rammed . | . . . . Kicked . | . . . . Crushed . | . . . . Highest Temperature 279 | . 97 279 . Average Temperature 64 | . 17 72 . Received Heat Transfer 1405 | . 183 811 411 Siege Activations . | . . . . Robots Corrupted . | . . . . Combat Hostiles . | . . . . Parts Fried . | . . . . Impact Corruptions . | . . . . Robots Melted . | . . . . Combat Hostiles . | . . . . Parts Melted . | . . . . Heat Transferred 1240 | . . 1240 . Parts Sabotaged . | . . . . Parts Stolen . | . . . . Parts Stripped . | . . . . Power Chain Reactions 1 | . . 1 . Alert | -11 -10 -9 -8 ------- Run | Yrd Mat Mat Mat Peak Influence 744 | . 246 744 293 Initial 278 | . . 68 278 Average 240 | . 97 383 277 Maximum Alert Level 3 | . 1 3 1 Low Security (%) 48 | 100 88 15 . Level 1 30 | . 11 39 100 Level 2 14 | . . 31 . Level 3 5 | . . 12 . Level 4 . | . . . . Level 5 . | . . . . High Security . | . . . . Max Security . | . . . . Squads Dispatched 7 | . 2 4 1 Investigation 2 | . 2 . . Extermination . | . . . . Reinforcement 5 | . . 4 1 Assault . | . . . . Garrison . | . . . . Intercept . | . . . . Searches Triggered . | . . . . Construction Impeded 1 | . . 1 . Haulers Reinforced . | . . . . Active Scanning Responses . | . . . . Cargo Convoy Interrupts . | . . . . Stealth | -11 -10 -9 -8 --------- Run | Yrd Mat Mat Mat Distress Signals 11 | . . 8 3 Communications Jammed . | . . . . Distress Signals . | . . . . Times Spotted 86 | . 22 54 10 Peak Tracking Total 6 | . 4 6 6 Tactical Retreats 6 | . 1 4 1 Traps | -11 -10 -9 -8 ------- Run | Yrd Mat Mat Mat Traps Triggered 9 | . 4 5 . Indirectly 1 | . . 1 . Trap Hack Attempts . | . . . . Triggered . | . . . . Disarmed . | . . . . Reprogrammed . | . . . . Reused . | . . . . Traps Extracted . | . . . . Installed . | . . . . Triggered . | . . . . Machines | -11 -10 -9 -8 ---------- Run | Yrd Mat Mat Mat Machines Disabled 7 | . 4 3 . Max in Single Turn 2 | . 1 2 . Machines Repaired . | . . . . Machines Dismantled . | . . . . Machines Sabotaged . | . . . . Overloaded Fab Kills . | . . . . Hacking | -11 -10 -9 -8 --------- Run | Yrd Mat Mat Mat Machines Accessed 1 | . . 1 . Terminals 1 | . . 1 . Fabricators . | . . . . Repair Stations . | . . . . Recycling Units . | . . . . Scanalyzers . | . . . . Garrison Access . | . . . . Total Hacks 1 | . . 1 . Successful 1 | . . 1 . Failed . | . . . . Catastrophic . | . . . . Database Lockouts . | . . . . Manual . | . . . . Terminals 1 | . . 1 . Fabricators . | . . . . Repair Stations . | . . . . Recycling Units . | . . . . Scanalyzers . | . . . . Garrison Access . | . . . . Terminal Hacks 1 | . . 1 . Robot Analysis 1 | . . 1 . Fabricator Hacks . | . . . . Repair Station Hacks . | . . . . Recycling Unit Hacks . | . . . . Scanalyzer . | . . . . Garrison Access Hacks . | . . . . Unauthorized Hacks . | . . . . Terminals . | . . . . Fabricators . | . . . . Repair Stations . | . . . . Recycling Units . | . . . . Scanalyzers . | . . . . Garrison Access . | . . . . Data Cores Recovered . | . . . . Used . | . . . . Hacking Detections 1 | . . 1 . Full Trace Events . | . . . . Feedback Events . | . . . . Feedback Blocked . | . . . . Robot Schematics Acquired . | . . . . Robots Built . | . . . . Authchips . | . . . . Time . | . . . . Total Robot Build Rating . | . . . . Part Schematics Acquired . | . . . . Parts Built . | . . . . Authchips . | . . . . Time . | . . . . Total Part Build Rating . | . . . . Parts Repaired . | . . . . Time . | . . . . Parts Recycled . | . . . . Recycled Matter . | . . . . Retrieved Matter . | . . . . Retrieved Components . | . . . . Parts Scanalyzed . | . . . . Part Schematics Acquired . | . . . . Parts Damaged . | . . . . Bothacking | -11 -10 -9 -8 ------------ Run | Yrd Mat Mat Mat Used RIF Installer . | . . . . Robots Hacked . | . . . . Non-combat . | . . . . Combat . | . . . . Robot Hacks Applied . | . . . . Relay Couplers Released . | . . . . Fabnet Peak Effective % . | . . . . Robots Rewired . | . . . . Allies Hacked . | . . . . Hacks Repelled . | . . . . Allies | -11 -10 -9 -8 -------- Run | Yrd Mat Mat Mat Total Allies . | . . . . Largest Group . | . . . . Highest-Rated Group . | . . . . Highest-Rated Ally . | . . . . Total Orders . | . . . . Ally Attacks . | . . . . Total Damage . | . . . . Kills . | . . . . Allies Corrupted . | . . . . Allies Melted . | . . . . Intel | -11 -10 -9 -8 ------- Run | Yrd Mat Mat Mat Robot Analysis Total 1 | . . 1 . Derelict Logs Recovered . | . . . . Drone Launches . | . . . . Drone Recoveries . | . . . . Exploration | -11 -10 -9 -8 ------------- Run | Yrd Mat Mat Mat Turns Passed 3636 | 91 1602 1687 256 Spaces Moved 1579 | 52 711 720 96 Core 40 | 5 . . 35 Treads 1539 | 47 711 720 61 Legs . | . . . . Wheels . | . . . . Hover . | . . . . Flight . | . . . . Fastest Speed 50 | 50 160 160 160 Average Speed 174 | 149 160 177 267 Slowest Speed 350 | 160 240 240 350 Overloaded Moves . | . . . . Propulsion Burnouts . | . . . . Robots Hopped . | . . . . Cave-ins Triggered . | . . . . Exploration Rate (%) 47 | 4 88 81 16 Regions Visited 3 Branch Regions . Pre-discovered Areas . | . . . . Known Exits Taken . | . . . . Unknown Exits Taken 3 | 1 1 1 . Scrap Searched . | . . . . Spaces Dug . | . . . . Terrain Destroyed 118 | . 1 117 . Melee . | . . . . Projectile 1 | . 1 . . AOE 117 | . . 117 . Terrain Rammed . | . . . . Walls Destroyed . | . . . . Machines Disabled . | . . . . Actions | -11 -10 -9 -8 --------- Run | Yrd Mat Mat Mat Total 2184 | 64 1080 942 98 Wait 313 | . 270 43 . Move 1576 | 51 710 719 96 Hop . | . . . . Pick Up 57 | 7 25 24 1 Fast Attach 7 | 3 3 1 . Attach 22 | 3 4 15 . Detach 1 | . 1 . . Swap 20 | . 1 19 . Drop 30 | . 15 14 1 Fire 158 | . 51 107 . Melee . | . . . . Ram . | . . . . Kick . | . . . . Crush . | . . . . Escape Stasis . | . . . . Rewire . | . . . . Trap . | . . . . Miscellaneous . | . . . . Route ------- -11/Scrapyard -10/Materials (discovered 3 exits: *Mat x2 / [*Min]) -9/Materials (discovered 2 exits: [*Mat x2]) -8/Materials (discovered 1 exit: [*Fac]) History --------- Turn | Location | Event 5 | -11/Scrapyard | Discovered new exit (range 15) 92 | -11/Scrapyard | Entered Materials 305 | -10/Materials | Build established: Mutant 615 | -10/Materials | Discovered new exit (range 15) 699 | -10/Materials | Discovered new exit (range 16) 1177 | -10/Materials | Discovered new exit (range 9) 1694 | -10/Materials | Entered another Materials area 1694 | -9/Materials | Evolved 2 slots: Propulsion x1, Utility x1 2637 | -9/Materials | Discovered new exit (range 10) 2794 | -9/Materials | Lost 6 parts (3n1u2w) 2997 | -9/Materials | Core integrity fell below 50% 3060 | -9/Materials | Destroyed 8 combat bots 3072 | -9/Materials | Lost 3 parts (1p1n1w) 3201 | -9/Materials | Discovered new exit (range 3) 3381 | -9/Materials | Entered another Materials area 3381 | -8/Materials | Evolved 2 slots: Utility x2 3548 | -8/Materials | Lost 3 parts (1n2u) 3601 | -8/Materials | Discovered new exit (range 16) 3613 | -8/Materials | Core integrity fell below 50% 3630 | -8/Materials | Core integrity fell below 20% 3637 | -8/Materials | Destroyed by G-47 Trooper with Particle Gun Last Messages --------------- 03400_ ALERT: Hostiles spotted, dispatching reinforcements to Terminal M008. 03400_ O-16 Technician locks terminal. 03470_ Dropped Spread Laser. 03474_ W-25 Informer sends out distress signal. 03483_ Terminal unresponsive. 03490_ Acquired Hpw. Shotgun. 03491_ Shield Generator destroyed. 03505_ Core Shielding destroyed. 03517_ Imp. Treads destroyed. 03520_ K-01 Serf collects debris. 03561_ Purification Channel disabled. 03601_ EXIT=FOUND 03603_ U-05 Engineer builds a Door. 03606_ W-25 Informer sends out distress signal. 03620_ Critical hit (Burn: +37). 03621_ W-25 Informer sends out distress signal. 03622_ Mni. Grenade Launcher destroyed. 03629_ Knocked back. 03630_ U-05 Engineer builds a Door. Map ----- +----------------------------------------------------+ | ???????????????????# #???????????????????????????? | | ???????????????????# #???????????????????????????? | | ???????????????????# #???????????????????????????? | | ???????????######### ##???#######????????????????? | | ???????????# #??? ?????????????????? | | ??????###### #??? ??????????????????? | | ??+ #??# ???????????????????? | | ???##########/##### #??# #???######??????????? | | ????# # #??# #?? #??????????? | | ????# """ """ # #??# #?]] #??????????? | | ???????""""""" # ^#### # ]] #??????????? | | ?????? """"" " # ^ # ]] #??????????? | | ????# / + ????????????? | | ????# ! # #???????????????????? | | ????###################### #???????????????????? | | ??????????????????? ????# #???????????????????? | | ???????????????????"""???# #???????????????????? | | ?????????????????""S"" ??# #??########?????????? | | ???????????????# "" "" ?# #? ??????????? | | ???????????????# # # T !! """??????????? | | ???????????????+ = #u # !! """??????????? | | ???????????????# / Y ! """??????????? | | ???????????????#= #g # """??????????? | | ???????????????###########bgg# = """??????????? | | ?????????????????????#[[ #? ??????????? | | ?????????????????????#[[ @ #??##### ##?????????? | | ?????????????????????#|| #???????????????????? | | ?????????????????????#|| #???????????????????? | | ?????????????????????#!! w ??????????????????? | | ?????????????????????#!! # ""????????????????? | | ?????????????????????##### < # ???????????????? | | ?????????????????????????# #? ?????????????? | | ?????????????????????????#####?? !?????????????? | | ????????????????????????????????? * ????????????? | | ?????????????????????????????????? ???????????? | | ???????????????????????????????????##????????????? | | ?????????????????????????????????????????????????? | | ?????????????????????????????????????????????????? | | ?????????????????????????????????????????????????? | | ?????????????????????????????????????????????????? | | ?????????????????????????????????????????????????? | | ?????????????????????????????????????????????????? | | ?????????????????????????????????????????????????? | | | | | | | | | | | | | | | +----------------------------------------------------+ Best States ------------- Heat Dissipation 31 Energy Generation 12 Energy Capacity 450 Matter Stores 300 Matter Capacity 500 Sight Range 16 Robot Scan Range 14 Terrain Scan Density 10 Armor Coverage 225 Core Shielding 20 Evasion (%) 40 Recoil Reduction 3 Offensive Hacking 10 Item Schematics ----------------- None Robot Schematics ------------------ None Fabricated ------------ Nothing Alien Tech Used ----------------- None Achievements -------------- None Challenges ------------ None Game ------ Seed CommHelicalFirepult Manual? 0 Play Time 00:49:09 Cumulative 14.1 hours Start 2024.08.09 @ 16:52:40 End 2024.08.25 @ 19:20:49 Sessions 3 Manual Loads 0 Difficulty Rogue Special Mode None Game No. 19 Rogue 19 Adventurer 0 Explorer 0 Win Type - Total 0 Types 0/0/0/0/0/0/0/0/0 Lore% 9 Gallery% 11 Achievement% 11 Wizard Run 0 Options --------- Layout 0 ASCII 0 Keyboard 0 Movement Mouse Keybinds 0 Fullscreen 2 Font 18/Smallcaps Map View 76x50 Zoom Use 58% Tactical HUD 1 Map Filters NONE Filters NONE Steam 1 RUN: 2797d4ed-15d9-4909-ae39-68fb6d60b9f8